 Dungeon Crawl Stone Soup version 0.20-a0-351-gc9b4002 (webtiles) character file.

148 Faca the Shield-Bearer (level 5, -3/42 HPs)
             Began as a Formicid Fighter on Dec 25, 2016.
             Slain by a gnoll
             ... wielding a +0 whip
              (4 damage)
             ... on level 3 of the Dungeon.
             The game lasted 00:05:01 (1938 turns).

Faca the Shield-Bearer (Formicid Fighter)           Turns: 1938, Time: 00:05:02

Health: -3/42      AC:  6    Str: 21    XL:     5   Next: 56%
Magic:  5/5        EV:  9    Int:  7    God:
Gold:   98         SH:  9    Dex: 11    Spells: 4/4 levels left

rFire  . . .     SeeInvis +     a - +1 war axe
rCold  . . .     Gourm    .     b - +0 scale mail
rNeg   . . .     Faith    .     c - +0 shield
rPois  .         Spirit   .     (helmet unavailable)
rElec  .         Reflect  .     (no cloak)
rCorr  .         Harm     +     (no gloves)
MR     .....                    (no boots)
Stlth  ..........               i - amulet of harm
                                (no ring)
                                (no ring)

@: drained
A: permanent stasis, dig shafts and tunnels, four strong arms, antennae 3
a: Dig, Shaft Self


You were on level 3 of the Dungeon.
You were not hungry.

You visited 1 branch of the dungeon, and saw 3 of its levels.

You collected 98 gold pieces.

Inventory:

Hand Weapons
 a - a +1 war axe (weapon)
Armour
 b - a +0 scale mail (worn)
 c - a +0 shield (worn)
Jewellery
 i - an amulet of harm (around neck)
Scrolls
 j - a scroll of teleportation {unknown}
 k - a scroll of amnesia {unknown}
 l - a scroll of magic mapping {unknown}
Potions
 d - a potion of might
 e - a potion of curing {unknown}
 g - a potion of flight
 h - a potion of heal wounds {unknown}
Comestibles
 f - a bread ration


   Skills:
 + Level 4.2(4.0) Fighting
 + Level 2.8(2.6) Axes
 + Level 3.7(3.5) Armour
 + Level 2.2(2.0) Dodging
 + Level 4.3(4.1) Shields


You had 4 spell levels left.
You didn't know any spells.

Dungeon Overview and Level Annotations

Branches:
Dungeon (3/15)

Altars:
Ashenzari


Innate Abilities, Weirdness & Mutations

You cannot be hasted, slowed, berserked, paralysed or teleported.
You can dig through walls and to a lower floor.
Your four strong arms can wield two-handed weapons with a shield.
You have a pair of large antennae on your head. (SInv)


Message History

The gnoll hits you with a halberd!
* * * LOW HITPOINT WARNING * * *
The gnoll closely misses you. You block the gnoll's attack.
You closely miss the gnoll.
The gnoll is lightly wounded.
You hit the gnoll but do no damage. The gnoll closely misses you.
You block the gnoll's attack.
You slash the gnoll!
The gnoll is almost dead.
You closely miss the gnoll. The gnoll hits you with a whip.
* * * LOW HITPOINT WARNING * * *
You block the gnoll's attack. The gnoll hits you with a whip.
* * * LOW HITPOINT WARNING * * *
Unknown command.
You barely miss the gnoll.
The gnoll is almost dead.
You hit the gnoll. The gnoll hits you with a halberd.
* * * LOW HITPOINT WARNING * * *
The gnoll hits you with a whip.
You die...

. ###.#.......... .
......#..........!......
................(.......
........................
...............>........
.....................†..
........................
......gg).....#.........
......†@.........#######
........†.......##
......#.........#
.#######........#
#........# #.........#
...........#
............#
.#....#######


You could see 2 gnolls.

Vanquished Creatures
  An orc wizard (D:3)
  An adder (D:2)
  5 gnolls
  2 worms
  3 dart slugs
  3 orcs (D:3)
  8 hobgoblins
  5 jackals
  8 kobolds
  A quokka (D:3)
  2 ball pythons
  4 bats (D:1)
  6 frilled lizards
  A giant cockroach zombie (D:3)
  5 goblins
  3 rats
58 creatures vanquished.

Notes
Turn   | Place    | Note
-------+----------+-------------------------------------------
     0 | D:1      | Faca the Formicid Fighter began the quest for the Orb.
     0 | D:1      | Reached XP level 1. HP: 18/18 MP: 1/1
    65 | D:1      | Reached XP level 2. HP: 24/24 MP: 2/2
   144 | D:1      | Reached skill level 1 in Dodging
   144 | D:1      | Reached XP level 3. HP: 25/29 MP: 3/3
   868 | D:2      | Reached XP level 4. HP: 21/37 MP: 4/4
  1448 | D:2      | Found a shattered altar of Ashenzari.
  1815 | D:3      | Reached XP level 5. HP: 39/42 MP: 5/5
  1938 | D:3      | HP: 1/42 [gnoll/halberd (2)]
  1938 | D:3      | Slain by a gnoll

Vault maps used:
D:1:      elethiomel_arrival_maze
D:2:      ashenzari_altar_1
D:3:      dancing_weapons_uskayaw, first_bread, kennysheep_generic_room_10,
          uniq_crazy_yiuf_cottage

Skill      XL: |  1  2  3  4 |
---------------+-------------+-----
Dodging        | 1 2 |  2.2
Shields        | 4 |  4.3
Fighting       | 4 |  4.2
Axes           | |  2.8
Armour         | |  3.7

Action                   |  1- 3 |  4- 6 || total
-------------------------+-------+-------++-------
Melee: War axe           |    78 |    80 ||   158
  Use: Scroll            |     3 |     1 ||     4
  Eat: Fruit             |       |     2 ||     2
       Chunk             |       |     2 ||     2
Armor: Scale mail        |    33 |    34 ||    67
Dodge: Dodged            |    25 |    36 ||    61
Block: Shield            |    60 |    47 ||   107
